 Dungeon Crawl Stone Soup version 0.27-a0-385-g3208abaabc (webtiles) character file.

Game seed: 17799567199397164183

79 sahdkjhfkaj the Gusty (level 4, 30/30 HPs)
             Began as a Human Air Elementalist on Feb 19, 2021.
             Quit the game on level 2 of the Dungeon.
             The game lasted 00:02:52 (2505 turns).

sahdkjhfkaj the Gusty (Human Air Elementalist)      Turns: 2505, Time: 00:02:54

Health: 30/30      AC:  2    Str:  9    XL:     4   Next: 64%
Magic:  0/8        EV: 16    Int: 16    God:
Gold:   77         SH:  0    Dex: 13    Spells: 4/9 levels left

rFire    . . .     SeeInvis .   (no weapon)
rCold    . . .     Faith    .   (no shield)
rNeg     . . .     Spirit   .   a - +0 robe
rPois    .         Reflect  .   (no helmet)
rElec    .         Harm     .   (no cloak)
rCorr    .         Rampage  .   (no gloves)
Will     .....                  (no boots)
Stlth    ++........             (no amulet)
HPRegen  0.10/turn              v - +4 ring of evasion
MPRegen  0.11/turn              (no ring)

@: very slightly contaminated
A: no striking features
a: no special abilities


You were on level 2 of the Dungeon.
You visited 1 branch of the dungeon, and saw 2 of its levels.

You collected 77 gold pieces.

Inventory:

Armour
 a - a +0 robe (worn)
 g - a +0 helmet
 k - a +0 pair of gloves
Jewellery
 j - an amulet of the acrobat {unknown}
 v - a +4 ring of evasion (left hand)
Scrolls
 b - a scroll of identify {unknown}
 c - 2 scrolls of teleportation {unknown}
 h - a scroll of fog {unknown}
Potions
 d - a potion of mutation {unknown}
 e - 2 potions of curing {unknown}
 f - a potion of degeneration {unknown}
 i - 2 potions of lignification {unknown}


   Skills:
 - Level 2.0 Dodging
 - Level 2.0 Stealth
 - Level 3.0 Spellcasting
 - Level 3.0 Conjurations
 + Level 3.2 Air Magic


You had 4 spell levels left.
You knew the following spells:

 Your Spells              Type           Power        Failure   Level
a - Shock                 Conj/Air       48%          5%          1
b - Airstrike             Air            6%           43%         4

Your spell library contained the following spells:

 Spells                   Type           Power        Failure   Level
 Swiftness                Air            12%          8%          2
 Static Discharge         Conj/Air       12%          16%         3
 Lightning Bolt           Conj/Air       6%           82%         5


Dungeon Overview and Level Annotations

Branches:
Dungeon (2/15)

Altars:


Message History

There are monsters nearby!
There are monsters nearby!
There are monsters nearby!
The zap hits the adder.
The adder is heavily wounded.
The zap hits the adder.
The adder is almost dead.
The zap hits the adder.
You kill the adder!
A rat comes into view.
The zap hits the kobold.
The kobold is moderately wounded.
A kobold comes into view. It is wielding a +0 short sword.
The zap hits the kobold.
The kobold is severely wounded.
The kobold shouts!
The zap hits the kobold.
You kill the kobold!
The zap misses the kobold.
You miscast Shock.
You are very lightly contaminated with residual magic.
Nothing appears to happen.
You are too depleted to draw on your mana recklessly!
You are too depleted to draw on your mana recklessly!
You are too depleted to draw on your mana recklessly!
Saving game... please wait.
Welcome back, sahdkjhfkaj the Human Air Elementalist.
Press ? for a list of commands and other information.
Describe a (M)onster, (S)pell, s(K)ill, (A)bility, (C)ard, (I)tem, (F)eature, (G)od, (B)ranch, c(L)oud or s(T)atus?
Describe a monster; partial names and regexps are fine.
Enter a single letter to list monsters displayed by that symbol.
Describe what? @ Describe a (M)onster, (S)pell, s(K)ill, (A)bility, (C)ard, (I)tem, (F)eature, (G)od, (B)ranch, c(L)oud or s(T)atus?
Describe a monster; partial names and regexps are fine.
Enter a single letter to list monsters displayed by that symbol.
Describe what? vine Describe a (M)onster, (S)pell, s(K)ill, (A)bility, (C)ard, (I)tem, (F)eature, (G)od, (B)ranch, c(L)oud or s(T)atus?
Describe a monster; partial names and regexps are fine.
Enter a single letter to list monsters displayed by that symbol.
Describe what? f Describe a (M)onster, (S)pell, s(K)ill, (A)bility, (C)ard, (I)tem, (F)eature, (G)od, (B)ranch, c(L)oud or s(T)atus?
Okay, then.
Unknown command.
Unknown command.
Unknown command.
Are you sure you want to abandon this character and quit the game? (Confirm with "yes".)

###################
#...>..............
#.#################
#.#....## #.@.)..(#
###..†..# ..K....
####r.. .. .


You could see a kobold and a rat.

Vanquished Creatures
  4 adders (D:2)
  A gnoll (D:1)
  A dart slug (D:2)
  2 leopard geckos (D:1)
  4 bats
  A giant cockroach (D:1)
  4 goblins (D:1)
  2 hobgoblins
  A quokka (D:2)
  A frilled lizard (D:1)
  4 kobolds
  6 rats
31 creatures vanquished.

Notes
Turn   | Place    | Note
-------+----------+-------------------------------------------
     0 | D:1      | sahdkjhfkaj the Human Air Elementalist began the quest for
                  | the Orb.
     0 | D:1      | Reached XP level 1. HP: 13/13 MP: 3/3
   246 | D:1      | Reached XP level 2. HP: 2/19 MP: 0/5
   740 | D:1      | Reached XP level 3. HP: 24/24 MP: 4/6
  2161 | D:2      | Reached XP level 4. HP: 30/30 MP: 3/8
  2166 | D:2      | Learned a level 4 spell: Airstrike
  2505 | D:2      | Quit the game

Illustrated notes

Levels and vault maps discovered:
D:1:      dpeg_arrival_arbitrary_a, layout_loops_ring, minmay_bisected
D:2:      layout_basic

Skill      XL: |  1  2  3  4 |
---------------+-------------+-----
Conjurations   | 2 3 |  3.0
Spellcasting   | 3 |  3.0
Dodging        | |  2.0
Stealth        | |  2.0
Air Magic      | |  3.2

Action                   |  1- 3 |  4- 6 || total
-------------------------+-------+-------++-------
Melee: Unarmed           |     6 |       ||     6
 Cast: Shock             |    61 |    18 ||    79
Armor: Robe              |     2 |     1 ||     3
Dodge: Dodged            |    16 |     3 ||    19

Table legend: (Time is in decaauts)
 A = Elapsed time spent in this place.
 B = Non-inter-level travel time spent in this place.
 C = Inter-level travel time spent in this place.
 D = Time resting spent in this place.
 E = Time spent auto-exploring this place.
 F = Levels seen in this place.
 G = Mean time per level.
                   A        B        C        D        E       F      G
               +--------+--------+--------+--------+--------+-----+--------+
         Total |   2504 |   2398 |    106 |      0 |   2205 |   2 | 1252.0 |
       Dungeon |   2504 |   2398 |    106 |      0 |   2205 |   2 | 1252.0 |
               +--------+--------+--------+--------+--------+-----+--------+

Top non-repeatable levels by time:
     D:1: 1676 daAuts
     D:2: 827 daAuts
